 Dungeon Crawl Stone Soup version 0.27.1-3-gb3d3a73c9e (webtiles) character file.

Game seed: 5265374242238331543

305 TigerRab the Ducker (level 6, -2/51 HPs)
             Began as a Ghoul Gladiator on Oct 16, 2021.
             Slain by an ice beast (4 damage)
             ... on level 5 of the Dungeon.
             The game lasted 00:18:35 (2619 turns).

TigerRab the Ducker (Ghoul Gladiator)               Turns: 2619, Time: 00:18:35

Health: -2/51      AC: 10    Str: 19    XL:     6   Next: 39%
Magic:  5/5        EV:  8    Int:  4    God:
Gold:   76         SH:  0    Dex: 10    Spells: 5/5 levels left

rFire    . . .     SeeInvis .     - Unarmed
rCold    + . .     Faith    .   (no shield)
rNeg     + + +     Spirit   .   q - +0 chain mail
rPois    ∞         Reflect  .   b - +0 helmet
rElec    .         Harm     .   (no cloak)
rCorr    .         Rampage  .   (no gloves)
Will     .....                  (no boots)
Stlth    ..........             (no amulet)
HPRegen  0.00/turn              (no ring)
MPRegen  0.09/turn              (no ring)

@: brilliant, flying (expiring), inhibited regen
A: claws 1, cold resistance 1, negative energy resistance 3, inhibited
regeneration, torment resistance 2
a: no special abilities


You were on level 5 of the Dungeon.
You visited 1 branch of the dungeon, and saw 5 of its levels.

You collected 76 gold pieces.

Inventory:

Missiles
 c - 3 throwing nets
 g - 26 stones (quivered)
 j - 8 boomerangs
 k - 2 javelins
 o - 81 sling bullets
Armour
 a - a +0 leather armour
 b - a +0 helmet (worn)
 q - a +0 chain mail (worn)
 t - the +1 scale mail of Dishonour {rF- rN++ rCorr MP+9}
   (You found it on level 6 of the Dungeon)

   rF:        It makes you vulnerable to fire.
   rN:        It greatly protects you from negative energy.
   MP:        It affects your magic capacity (+9).
   rCorr:     It protects you from acid and corrosion.
Magical Staves
 h - a staff of death
 p - a staff of air
Scrolls
 n - a scroll of summoning {unknown}
 r - a scroll of identify {unknown}
 s - a scroll of teleportation {unknown}
Potions
 d - a potion of mutation


   Skills:
 * Level 3.0 Fighting
 * Level 1.5(2.3) Slings
 * Level 2.4(2.7) Throwing
 * Level 3.0 Armour
 * Level 3.9 Dodging
 * Level 1.9 Stealth
 - Level 3.4 Unarmed Combat


You had 5 spell levels left.
You didn't know any spells.
Your spell library contained the following spells:

 Spells                   Type           Power      Damage    Failure   Level
 Ozocubu's Armour         Ice            0%         N/A       100%        3
 Metabolic Englaciation   Hex/Ice        0%         N/A       100%        5
 Simulacrum               Ice/Necr       0%         N/A       100%        6


Dungeon Overview and Level Annotations

Branches:
Dungeon (6/15)
 Temple: D:4-7

Altars:
Hepliaklqana

Shops:
D:1 (=[![


Innate Abilities, Weirdness & Mutations

You thrive by killing the living.
You are immune to poison.
You have sharp fingernails.
Your flesh is cold resistant. (rC+)
You are immune to negative energy. (rN+++)
You do not regenerate when monsters are visible.
You are immune to unholy pain and torment.


Message History

The jelly is severely wounded.
The ice beast is pulled toward you! The black bear is pulled toward you!
The jelly is pulled toward you! The orc is pulled toward you!
You claw the jelly!
You kill the jelly!
The orc howls in fear.
The ice beast is pulled toward you! The black bear is pulled toward you!
The orc is pulled toward you!
You feel your dexterity returning.
Your Fighting skill increases to level 3!
You closely miss the orc. The orc is pulled toward you!
The ice beast is pulled toward you!
You barely miss the orc. The orc is pulled toward you!
The ice beast is pulled toward you! The black bear is pulled toward you!
You strike the helpless orc from behind!
You claw the orc!
You kill the orc!
The ice beast is pulled toward you! The black bear is pulled toward you!
Your Armour skill increases to level 3!
The ice beast is pulled toward you! The black bear is pulled toward you!
Things that are here:
a +0 club; an orc corpse The ice beast is pulled toward you!
The black bear is pulled toward you! The ice beast is pulled toward you!
The black bear is pulled toward you!
The ice beast seems to regain its courage.
The black bear is pulled toward you! The black bear is pulled toward you!
The black bear is pulled toward you!
The black bear seems to regain its courage.
The black bear is pulled toward you! The black bear is pulled toward you!
The black bear is pulled toward you! The black bear is pulled toward you!
The black bear is pulled toward you! The black bear is pulled toward you!
The black bear is pulled toward you!
You feel less attractive to monsters.
You are starting to lose your buoyancy.
Found 23 stones.
You reach down and open the door.
The ice beast hits you.
You die...

$.....+
.....8#
.....# ...8#
### ...# #.#
.8#
#####.###'#
###.....hY@.#
........#####
....#...# ##
#.#h# #(#.# #
#.# #.# #.#
#.#


You could see a black bear and an ice beast.

Vanquished Creatures
  Grinder (D:3)
  A jelly (D:5)
  2 worms
  3 dart slugs
  An orc (D:5)
  4 ball pythons
  5 endoplasms
  2 giant cockroaches
  7 goblins
  2 hobgoblins (D:1)
  4 jackals (D:1)
  2 kobolds
  2 quokkas
  11 bats
  6 rats
53 creatures vanquished.

Vanquished Creatures (others)
  7 plants (D:1)
7 creatures vanquished.

Grand Total: 60 creatures vanquished

Notes
Turn   | Place    | Note
-------+----------+-------------------------------------------
     0 | D:1      | TigerRab the Ghoul Gladiator began the quest for the Orb.
     0 | D:1      | Reached XP level 1. HP: 17/17 MP: 0/0
    68 | D:1      | Found Fogura's Armour Boutique.
   174 | D:1      | Reached XP level 2. HP: 19/24 MP: 1/1
   454 | D:1      | Found Guxkueg's Antique Armour Shop.
   632 | D:1      | Reached XP level 3. HP: 26/30 MP: 2/2
   904 | D:1      | Found Bomicw's Jewellery Boutique.
   922 | D:1      | Found Maurch's Distillery.
  1192 | D:1      | Found Cottehy's Weapon Emporium.
  1545 | D:2      | Reached skill level 1 in Stealth
  1712 | D:2      | Reached XP level 4. HP: 37/37 MP: 3/3
  1955 | D:3      | Noticed Grinder
  1962 | D:3      | Paralysed by Grinder for 4 turns
  1976 | D:3      | Paralysed by Grinder for 7 turns
  1987 | D:3      | Paralysed by Grinder for 2 turns
  2247 | D:3      | Paralysed by Grinder for 7 turns
  2262 | D:3      | Killed Grinder
  2263 | D:3      | Reached skill level 1 in Slings
  2263 | D:3      | Reached XP level 5. HP: 15/44 MP: 4/4
  2263 | D:3      | Reached XP level 6. HP: 17/50 MP: 5/5
  2552 | D:3      | You fall into a shaft and drop 3 floors!
  2552 | D:6      | Identified the +1 scale mail of Dishonour {rF- rN++ rCorr
                  | MP+9}
  2552 | D:6      | Found a hazy altar of Hepliaklqana.
  2567 | D:5      | Entered Level 5 of the Dungeon
  2567 | D:5      | Noticed an ice beast
  2567 | D:5      | Noticed a black bear
  2588 | D:5      | HP: 2/50 [acid (3)]
  2619 | D:5      | Slain by an ice beast

Illustrated notes

Levels and vault maps discovered:
D:1:      zelgadis_glass_arrival_large, layout_loops_corners, serial_shops,
          nicolae_shop_overgrown_old_shop,
          nicolae_shop_temple_entry_statues_fountains, nicolae_shop_statue_plus,
          shop, shop
D:2:      layout_basic, minmay_quantized
D:3:      layout_rooms, hellmonk_ecumenical_altar_zigzags, uniq_robin,
          uniq_ijyb, uniq_grinder
D:5:      layout_rooms, ashenzari_altar_1, dk_noncrumbling_4,
          lemuel_another_geyser
D:6:      layout_cave_pools, nicolae_hepliaklqana_hazy_memory,
          serial_column_ruins, column_ruins_hut, column_ruins_temple_circle,
          column_ruins_grid_1, column_ruins_open_tiny, column_ruins_open_tiny,
          column_ruins_open_medium, column_ruins_grid_3, uniq_maggie,
          uniq_menkaure

Skill      XL: |  1  2  3  4  5  6 |
---------------+-------------------+-----
Dodging        | 3 |  3.9
Throwing       | 2 |  2.4
Stealth        | 1 |  1.9
Slings         | 1 |  1.5
Armour         | 2 3 |  3.0
Fighting       | 3 |  3.0
Unarmed Combat | |  3.4

Action                   |  1- 3 |  4- 6 || total
-------------------------+-------+-------++-------
Melee: Unarmed           |   148 |    65 ||   213
       Punch             |     3 |       ||     3
Throw: Stone             |     8 |    26 ||    34
  Use: Potion            |       |     5 ||     5
       Scroll            |       |     1 ||     1
 Stab: Fleeing           |       |     1 ||     1
Armor: Leather armour    |    38 |       ||    38
       Chain mail        |    26 |    47 ||    73
       Ring mail         |     1 |       ||     1
Dodge: Dodged            |    82 |    30 ||   112
